[Event "Titled Tuesday Blitz April 25 Early 2023"]
[White "Mazurkiewicz, Michal"]
[Black "Djordjevic, Vuk"]
[WhiteFideId "1124943"]
[BlackFideId "902098"]
[WhiteElo "2054"]
[BlackElo "2452"]
[Result "0-1"]
[Round "01"]
[TimeControl "180+2"]
[Date "2023.04.25"]
[WhiteClock "0:00:04"]
[BlackClock "0:00:09"]

1. e4 d5 2. exd5 Qxd5 3. d3 Nf6 4. Nc3 Qd6 5. g3 c6 6. Bg2 Bg4 7. Nf3 e6 8. h3 Bxf3 9. Qxf3 Qc7 10. O-O Bd6 11. g4 O-O 12. g5 Nd5 13. Ne4 Bf4 14. Kh1 Nd7 15. Bxf4 Nxf4 16. Qg3 f5 17. gxf6 Nxf6 18. Ng5 h6 19. Nf3 N6h5 20. Qg4 Rf6 21. Rg1 Raf8 22. Nh4 g5 23. Be4 Qb6 24. Nf3 Qxf2 25. Raf1 Qe2 26. Nxg5 Qxg4 27. hxg4 hxg5 28. gxh5 Nxh5 29. Rxg5+ Ng7 30. Rfg1 Rh6+ 31. Kg2 Rf7 32. Bg6 Rf6 33. Be4 Kf8 34. Rf1 Rh2+ 35. Kxh2 Rxf1 36. Rg2 Rb1 37. b3 Rb2 38. a4 Ne8 39. Kg3 e5 40. Kg4 Nd6 41. Kg5 Ke7 42. Rh2 Nxe4+ 43. dxe4 Kd6 44. Rh6+ Kc5 45. Rh7 b6 46. Kf5 Rxc2 47. Kxe5 a5 48. Ke6 Rc3 49. e5 Rxb3 50. Kd7 Re3 51. e6 b5 52. axb5 cxb5 53. e7 a4 54. Rh5+ Kc4 55. Rh4+ Kc5 56. Rh6 Rxe7+ 57. Kxe7 a3 58. Ke6 b4 59. Ke5 b3 60. Rh8 a2 61. Rc8+ Kb4 62. Rb8+ Kc3 63. Rc8+ Kb2 64. Kd4 a1=Q 0-1


[Site "https://www.chess.com"]

[Event "Titled Tuesday Blitz April 25 Early 2023"]
[White "Harshavardhan G B"]
[Black "Kopczynski, Michal"]
[WhiteFideId "25059009"]
[BlackFideId "1124200"]
[WhiteElo "2323"]
[BlackElo "2212"]
[Result "1-0"]
[Round "01"]
[TimeControl "180+2"]
[Date "2023.04.25"]
[WhiteClock "0:00:51"]
[BlackClock "0:01:28"]

1. Nf3 d6 2. d4 g6 3. c4 Bg7 4. Nc3 Nf6 5. e4 O-O 6. h3 c5 7. d5 e6 8. Bd3 exd5 9. exd5 Re8+ 10. Be3 Na6 11. O-O Nc7 12. Qd2 a6 13. a4 Rb8 14. Bh6 b5 15. Bxg7 Kxg7 16. axb5 axb5 17. cxb5 Bd7 18. Rfe1 Rxe1+ 19. Rxe1 Nxb5 20. Bxb5 Bxb5 21. Ng5 Bc4 22. Nge4 Ne8 23. Nd1 Qh4 24. Qc3+ Kf8 25. Qh8+ Ke7 26. Nf6+ Kd8 27. Qxe8+ Kc7 28. Qc6+ Kd8 29. Re8# 1-0


[Site "https://www.chess.com"]

[Event "Titled Tuesday Blitz April 25 Early 2023"]
[White "Koridze, Lile"]
[Black "Csonka, Balazs"]
[WhiteFideId "13612514"]
[BlackFideId "742910"]
[WhiteElo "2047"]
[BlackElo "2404"]
[Result "0-1"]
[Round "01"]
[TimeControl "180+2"]
[Date "2023.04.25"]
[WhiteClock "0:00:02"]
[BlackClock "0:00:02"]

1. d4 Nf6 2. c4 e6 3. Nf3 d5 4. g3 dxc4 5. Bg2 Nc6 6. O-O Rb8 7. Nc3 b5 8. Ne5 Nxe5 9. dxe5 Nd7 10. Be3 Bb7 11. Bxa7 Bxg2 12. Kxg2 Rb7 13. Be3 Nxe5 14. Qc2 Bd6 15. Rfd1 O-O 16. Qe4 Qa8 17. f3 Nd7 18. a4 Nf6 19. Qh4 bxa4 20. Rxa4 Qb8 21. Rxc4 Rxb2 22. Bg5 Nd5 23. Rg4 f5 24. Nxd5 fxg4 25. Nf6+ gxf6 26. Bxf6 gxf3+ 27. Kh3 Rxf6 28. Qxf6 Rb5 29. Rd4 h5 30. Qg6+ Kf8 31. Qf6+ Ke8 32. Qxe6+ Kd8 33. Qf6+ Kc8 34. Qxf3 Qb6 35. Ra4 Kd7 36. Qf7+ Be7 37. Re4 Qd6 0-1


[Site "https://www.chess.com"]

[Event "Titled Tuesday Blitz April 25 Early 2023"]
[White "Omranalhosani21"]
[Black "Harriott, Tyrell"]
[BlackFideId "2086484"]
[WhiteElo "2760"]
[BlackElo "2107"]
[Result "1-0"]
[Round "01"]
[TimeControl "180+2"]
[Date "2023.04.25"]
[WhiteClock "0:00:15"]
[BlackClock "0:00:01"]

1. d4 e6 2. c4 d5 3. Nc3 f5 4. Nf3 c6 5. g3 Bd6 6. Bg2 Nf6 7. O-O O-O 8. b3 Nbd7 9. Bb2 f4 10. Qc1 fxg3 11. hxg3 h6 12. Ba3 Bxa3 13. Qxa3 Ng4 14. Qd6 Qe8 15. Rfe1 Qh5 16. Qxe6+ Kh8 17. Qd6 Rf6 18. Qc7 Kh7 19. Rac1 Rf7 20. Qd6 Nf8 21. cxd5 cxd5 22. Qxd5 Bf5 23. e4 Ne6 24. exf5 Ng5 25. Nxg5+ hxg5 26. Ne4 Raf8 27. f3 Qh2+ 28. Kf1 Rxf5 29. Nxg5+ Rxg5 30. Qe4+ Kh6 31. Re2 Qxg3 32. Rc5 Qh2 33. Rxg5 Kxg5 34. Qxg4+ Kh6 35. Qh3+ Qxh3 36. Bxh3 Rxf3+ 37. Kg2 Rf6 38. d5 g6 39. Rd2 Rd6 40. Kf3 Kg5 41. Ke4 Kf6 42. Kd4 b6 43. Be6 g5 44. Rf2+ Kg6 45. Ke5 Rd8 46. d6 Kh5 47. d7 1-0


[Site "https://www.chess.com"]

[Event "Titled Tuesday Blitz April 25 Early 2023"]
[White "krucki03"]
[Black "Bryakin, Mikhail"]
[BlackFideId "4165314"]
[WhiteElo "2412"]
[BlackElo "2447"]
[Result "0-1"]
[Round "01"]
[TimeControl "180+2"]
[Date "2023.04.25"]
[WhiteClock "0:00:05"]
[BlackClock "0:00:04"]

1. e4 c5 2. Nf3 Nc6 3. d4 cxd4 4. Nxd4 Nf6 5. Nc3 h5 6. Bc4 Ne5 7. Bb3 d6 8. h3 e6 9. f4 Ng6 10. Be3 Be7 11. Qd2 a6 12. O-O-O Qa5 13. Kb1 Bd7 14. Rhg1 h4 15. Rge1 Rc8 16. f5 exf5 17. exf5 Ne5 18. Bf4 O-O 19. Nd5 Qd8 20. Nxe7+ Qxe7 21. Nf3 Bxf5 22. Nxe5 Ne4 23. Rxe4 Bxe4 24. Nd3 d5 25. Qe3 Rfe8 26. Qd4 Bxg2 27. Rg1 Qe4 28. Qf2 Bxh3 29. a3 Bf5 30. Qxh4 Rc4 31. Re1 Qxe1+ 32. Nxe1 Rce4 33. Nd3 Be6 34. Qg5 f6 35. Qg6 Bf7 36. Qg3 b5 37. Bd6 R8e6 38. Nb4 Re1+ 39. Ka2 R1e3 40. Qf4 R3e4 41. Qh2 Re2 42. Qg3 R2e3 43. Qg1 Re1 44. Qc5 a5 45. Nxd5 a4 46. Ne7+ Rxe7 47. Bxf7+ Rxf7 48. Qc8+ Kh7 49. Qh3+ Kg8 50. Qc8+ Kh7 51. Qh3+ Kg8 52. Qd3 Re6 53. Qd2 g5 54. Qd5 Re2 55. Qxb5 Rxc2 56. Qe8+ Kg7 57. Qe4 Rc1 58. Qxa4 Rb7 59. Bb4 Rcc7 60. Bc3 Kg6 61. Qe4+ Kg7 62. Qf5 Kf7 63. Qxf6+ Ke8 0-1


[Site "https://www.chess.com"]

[Event "Titled Tuesday Blitz April 25 Early 2023"]
[White "Halkias, Stelios"]
[Black "Gurevich, Dmitry"]
[WhiteFideId "4201809"]
[BlackFideId "2000407"]
[WhiteElo "2451"]
[BlackElo "2506"]
[Result "0-1"]
[Round "01"]
[TimeControl "180+2"]
[Date "2023.04.25"]
[WhiteClock "0:00:02"]
[BlackClock "0:00:24"]

1. Nf3 Nf6 2. c4 c5 3. Nc3 b6 4. g3 Bb7 5. Bg2 g6 6. O-O Bg7 7. b3 d5 8. e3 Nc6 9. Bb2 O-O 10. Nxd5 Nxd5 11. Bxg7 Kxg7 12. cxd5 Qxd5 13. d4 Rfd8 14. Nd2 Qd7 15. d5 Nb4 16. e4 e6 17. a3 Na6 18. Bh3 Qd6 19. Nc4 Qf8 20. Ne3 Nc7 21. Bg2 exd5 22. exd5 Qd6 23. Nc4 Qf6 24. d6 Bxg2 25. Kxg2 Nb5 26. d7 Qc6+ 27. Qf3 Qxf3+ 28. Kxf3 Nd4+ 29. Kg2 Nxb3 30. Rfd1 Nd4 31. Ne5 f6 32. Nf3 Rxd7 33. Nxd4 Rxd4 34. Rxd4 cxd4 35. Rc1 Rf8 36. Rc6 Rd8 37. Kf1 d3 38. Ke1 d2+ 39. Kd1 Rd7 40. a4 Kf7 41. a5 bxa5 42. Ra6 f5 43. Rxa5 Kf6 44. f4 Kg7 45. Ra6 Kh6 46. h3 Rd3 47. g4 Rxh3 48. gxf5 Rf3 49. fxg6 hxg6 50. Rxa7 Rxf4 51. Kxd2 Re4 52. Kd3 Re8 53. Ra1 g5 54. Kd2 Kh5 55. Rh1+ Kg4 56. Rg1+ Kf4 57. Rf1+ Kg3 58. Rg1+ Kh4 59. Rh1+ Kg4 60. Rg1+ Kf5 61. Rf1+ Kg6 62. Re1 Rxe1 63. Kxe1 Kh5 64. Kf2 Kh4 65. Kf3 Kh3 0-1


[Site "https://www.chess.com"]

[Event "Titled Tuesday Blitz April 25 Early 2023"]
[White "Van Foreest, Machteld"]
[Black "Weetik, Vjacheslav"]
[WhiteFideId "1051563"]
[BlackFideId "4153472"]
[WhiteElo "2018"]
[BlackElo "2469"]
[Result "0-1"]
[Round "01"]
[TimeControl "180+2"]
[Date "2023.04.25"]
[WhiteClock "0:00:17"]
[BlackClock "0:00:54"]

1. e4 c5 2. Nf3 Nc6 3. d4 cxd4 4. Nxd4 g6 5. c4 Nf6 6. Nc3 d6 7. Be3 Ng4 8. Qd2 Nxe3 9. Qxe3 Bg7 10. Nxc6 bxc6 11. Be2 Qb6 12. Qxb6 axb6 13. Kd2 e5 14. Rhd1 Be6 15. b3 f5 16. Na4 Rb8 17. exf5 gxf5 18. Kc2 Ke7 19. f3 h5 20. Rd2 Bh6 21. Rd3 d5 22. Rad1 d4 23. c5 b5 24. Nb6 h4 25. g3 Be3 26. f4 hxg3 27. fxe5 Rxh2 28. Re1 f4 29. Kd1 g2 30. Rxe3 dxe3 31. Bf3 Rd8+ 0-1


[Site "https://www.chess.com"]

[Event "Titled Tuesday Blitz April 25 Early 2023"]
[White "Starozhilov, Leonid"]
[Black "Bas Mas, Jose Joaquin"]
[WhiteFideId "14106752"]
[BlackFideId "22219064"]
[WhiteElo "2352"]
[BlackElo "2233"]
[Result "1/2-1/2"]
[Round "01"]
[TimeControl "180+2"]
[Date "2023.04.25"]
[WhiteClock "0:00:06"]
[BlackClock "0:00:16"]

1. e4 e6 2. d4 d5 3. Nc3 Nf6 4. Bg5 dxe4 5. Nxe4 Be7 6. Nxf6+ Bxf6 7. Bxf6 Qxf6 8. Nf3 O-O 9. Be2 Nc6 10. O-O e5 11. dxe5 Nxe5 12. Nxe5 Qxe5 13. c3 Bf5 14. Bf3 c6 15. Re1 Qc7 16. h3 h6 17. Qb3 Rad8 18. Re3 Rfe8 19. Rae1 Rxe3 20. Rxe3 Be6 21. Qc2 b6 22. a3 c5 23. Qe2 Rd6 24. Bg4 Bxg4 25. Re8+ Kh7 26. hxg4 Qd7 27. Qe4+ Rg6 28. f3 Qd1+ 29. Kh2 Qd6+ 30. Qe5 Qxe5+ 31. Rxe5 a5 32. Re7 Kg8 33. a4 Rd6 34. Rb7 g6 35. Kg3 Kg7 36. Kf4 Kf6 37. Ke4 Ke6 38. g3 g5 39. f4 Kf6 40. f5 Kg7 41. Ke5 Rd3 42. Rxb6 Rxg3 43. f6+ Kg6 44. Rb8 Re3+ 45. Kd5 Kxf6 46. Kxc5 Re4 47. b4 Rxg4 48. Kb5 axb4 49. cxb4 Rg1 50. a5 h5 51. a6 h4 52. a7 Ra1 53. a8=Q Rxa8 54. Rxa8 g4 55. Rg8 Kf5 56. Kc4 h3 57. b5 h2 58. Rh8 g3 59. b6 g2 60. b7 h1=Q 61. b8=Q Qxh8 62. Qxh8 g1=Q 63. Qh5+ Qg5 64. Qxf7+ Kg4 65. Qd5 Qxd5+ 66. Kxd5 1/2-1/2


[Site "https://www.chess.com"]

[Event "Titled Tuesday Blitz April 25 Early 2023"]
[White "KorolDimitriy75"]
[Black "Horton, Andrew P"]
[BlackFideId "424269"]
[WhiteElo "2408"]
[BlackElo "2401"]
[Result "1-0"]
[Round "01"]
[TimeControl "180+2"]
[Date "2023.04.25"]
[WhiteClock "0:00:10"]
[BlackClock "0:00:03"]

1. d4 Nf6 2. c4 e6 3. Nc3 d5 4. Bg5 Be7 5. cxd5 Nxd5 6. Bxe7 Qxe7 7. e4 Nxc3 8. bxc3 O-O 9. Nf3 Rd8 10. Be2 b6 11. O-O Bb7 12. Qd3 c5 13. Rad1 cxd4 14. cxd4 Nd7 15. Qe3 Rac8 16. h3 h6 17. Rfe1 Qb4 18. Bd3 Rc3 19. Qf4 Rdc8 20. Bb1 Qe7 21. Ne5 Nxe5 22. Qxe5 Qc7 23. Qxc7 R3xc7 24. d5 exd5 25. exd5 g6 26. d6 Rd7 27. Re7 Rcd8 28. Rxd7 Rxd7 29. Bc2 b5 30. f4 Kg7 31. Kf2 Kf6 32. Bb3 g5 33. g3 Be4 34. Ke3 Bf5 35. g4 Be6 36. Ke4 gxf4 37. Kxf4 Bxb3 38. axb3 Ke6 39. Ra1 Kxd6 40. Ra6+ Kc5 41. Rxh6 Kb4 42. h4 Kxb3 43. h5 b4 44. Rf6 Kc2 45. h6 b3 46. h7 Rd8 47. Rxf7 b2 48. Rb7 a5 49. g5 a4 50. g6 a3 51. g7 a2 52. g8=Q Rxg8 53. hxg8=Q b1=Q 54. Qg6+ Kc1 55. Qg1+ Kc2 56. Qf2+ Kc1 57. Qe1+ Kc2 58. Qe2+ Kc3 59. Qe3+ Kc2 60. Qe4+ Kc3 61. Rxb1 axb1=Q 62. Qxb1 1-0


[Site "https://www.chess.com"]

[Event "Titled Tuesday Blitz April 25 Early 2023"]
[White "Postny, Evgeny"]
[Black "kuanysh1981"]
[WhiteFideId "2804344"]
[WhiteElo "2504"]
[BlackElo "2408"]
[Result "1-0"]
[Round "01"]
[TimeControl "180+2"]
[Date "2023.04.25"]
[WhiteClock "0:01:56"]
[BlackClock "0:00:06"]

1. e4 g6 2. d4 Bg7 3. Nc3 d6 4. f4 Nc6 5. Nf3 Bg4 6. Be3 Bxf3 7. gxf3 e5 8. dxe5 dxe5 9. Qxd8+ Rxd8 10. Nd5 exf4 11. Bxf4 Bxb2 12. Rb1 Be5 13. Rxb7 Bxf4 14. Nxf4 Nd4 15. Kf2 Nf6 16. c3 Ne6 17. Nxe6 fxe6 18. Bb5+ Ke7 19. Rxc7+ Kd6 20. Rc6+ Ke5 21. Ke3 g5 22. Bc4 Rhe8 23. Rb1 Nh5 24. Rb5+ Kf6 25. Rf5+ Kg7 26. Rxg5+ Kh6 27. h4 Nf6 28. Bxe6 1-0


[Site "https://www.chess.com"]

[Event "Titled Tuesday Blitz April 25 Early 2023"]
[White "Smiechu"]
[Black "Papasimakopoulos, Alexandros"]
[BlackFideId "4244125"]
[WhiteElo "2407"]
[BlackElo "2359"]
[Result "0-1"]
[Round "01"]
[TimeControl "180+2"]
[Date "2023.04.25"]
[WhiteClock "0:00:15"]
[BlackClock "0:00:19"]

1. e4 e6 2. d4 d5 3. Bd3 Nf6 4. e5 Nfd7 5. f4 c5 6. c3 b5 7. Nf3 b4 8. O-O bxc3 9. bxc3 cxd4 10. cxd4 g6 11. Nc3 Ba6 12. Bxa6 Nxa6 13. Qa4 Nc7 14. Ba3 a6 15. Rab1 Nb5 16. Bxf8 Nxc3 17. Qb4 Ne2+ 18. Kf2 Nxf4 19. Kg3 Nh5+ 20. Kf2 Rxf8 21. Qd6 Ng7 22. g4 h5 23. h3 hxg4 24. hxg4 Rb8 25. Rfc1 f6 26. Rxb8 Qxb8 27. Rc7 Qd8 28. Nh4 fxe5+ 29. Ke2 Qe7 30. Qc6 Rf2+ 31. Kxf2 Qxh4+ 32. Ke2 Qxg4+ 33. Kf1 Qf4+ 34. Ke2 Qe4+ 35. Kf1 Qd3+ 36. Kg2 Qe2+ 37. Kg1 Qd1+ 38. Kg2 Qd2+ 39. Kh1 Qe1+ 40. Kg2 Qe2+ 41. Kh1 Qf3+ 42. Kh2 Qf2+ 43. Kh1 Qh4+ 44. Kg2 Qg4+ 45. Kh1 Qe4+ 46. Kh2 Qh4+ 47. Kg2 Qe7 48. dxe5 Nf5 49. Rc8+ Kf7 50. Rc7 Qg5+ 51. Kf1 Qf4+ 52. Ke2 Qe3+ 53. Kf1 Qf4+ 54. Ke2 Qxe5+ 55. Kf1 Qf4+ 56. Ke2 Nd4+ 57. Kd3 Nxc6 0-1


[Site "https://www.chess.com"]

[Event "Titled Tuesday Blitz April 25 Early 2023"]
[White "Aradhya, Garg"]
[Black "Rottenwohrer Suarez, Juan"]
[WhiteFideId "25006746"]
[BlackFideId "32068182"]
[WhiteElo "2263"]
[BlackElo "2174"]
[Result "1/2-1/2"]
[Round "01"]
[TimeControl "180+2"]
[Date "2023.04.25"]
[WhiteClock "0:00:04"]
[BlackClock "0:00:07"]

1. d4 Nf6 2. c4 g6 3. Nf3 Bg7 4. g3 b6 5. Bg2 Bb7 6. d5 O-O 7. Nc3 Na6 8. O-O Nc5 9. Nd4 e5 10. Nb3 d6 11. Nxc5 bxc5 12. Bg5 h6 13. Bxf6 Bxf6 14. h4 Bg7 15. e4 a5 16. h5 Qg5 17. hxg6 fxg6 18. Nb5 Rf7 19. Bh3 Bc8 20. Bxc8 Rxc8 21. Kg2 h5 22. Qc1 Qg4 23. f3 Qd7 24. Qe3 Rcf8 25. Rf2 Kh7 26. Rh1 Bh6 27. Qa3 Ra8 28. Qc3 Kg7 29. f4 Raf8 30. Rhf1 Kh7 31. fxe5 Rxf2+ 32. Rxf2 Rxf2+ 33. Kxf2 dxe5 34. Qxe5 Qh3 35. Qxc7+ Bg7 36. Nd6 Qh2+ 37. Kf3 Qh1+ 38. Kf2 Qh2+ 39. Kf3 Qh1+ 40. Kf2 Qh2+ 1/2-1/2


[Site "https://www.chess.com"]

[Event "Titled Tuesday Blitz April 25 Early 2023"]
[White "Andrews, Todd"]
[Black "Wong, Yinn Long"]
[WhiteFideId "2012456"]
[BlackFideId "5707684"]
[WhiteElo "2406"]
[BlackElo "2271"]
[Result "0-1"]
[Round "01"]
[TimeControl "180+2"]
[Date "2023.04.25"]
[WhiteClock "0:00:09"]
[BlackClock "0:00:08"]

1. e4 e6 2. d4 d5 3. Nc3 Nf6 4. e5 Nfd7 5. Nce2 c5 6. c3 Nc6 7. Nf3 b5 8. a3 a5 9. h4 f6 10. Nf4 fxe5 11. Nxe6 Qb6 12. Bxb5 e4 13. Nfg5 Na7 14. Ba4 Ba6 15. Bf4 Rc8 16. Qg4 Bb5 17. Qf5 Nf6 18. Bxb5+ Nxb5 19. Nxg7+ Bxg7 20. Qxc8+ Ke7 21. Qf5 cxd4 22. cxd4 Nxd4 23. Qe5+ Kd7 24. O-O Re8 25. Ne6 Nxe6 26. Qf5 Rf8 27. Rfd1 Ke7 28. Bg5 h6 29. Bxf6+ Rxf6 30. Qxd5 Qxf2+ 31. Kh1 Qxh4+ 32. Kg1 Qf2+ 33. Kh1 Rf5 34. Qd6+ Kf6 35. Rd5 Qh4+ 36. Kg1 Qf2+ 37. Kh1 Rxd5 38. Qxd5 e3 39. Rc1 e2 40. Qf3+ Qxf3 41. gxf3 Nf4 42. Re1 Kf5 43. Kg1 Bxb2 44. Kf2 Bd4+ 45. Kg3 Bc3 46. Kf2 Bxe1+ 47. Kxe1 Ke5 48. Kf2 Kd4 49. a4 Kd3 50. Ke1 h5 51. Kf2 Kd2 52. Kg3 Nd3 53. f4 e1=Q+ 54. Kf3 Qe3+ 55. Kg2 Qf2+ 56. Kh3 Nxf4# 0-1


[Site "https://www.chess.com"]

[Event "Titled Tuesday Blitz April 25 Early 2023"]
[White "Arifarsky"]
[Black "Srebrnic, Marko"]
[BlackFideId "14603616"]
[WhiteElo "2736"]
[BlackElo "2341"]
[Result "1/2-1/2"]
[Round "01"]
[TimeControl "180+2"]
[Date "2023.04.25"]
[WhiteClock "0:00:08"]
[BlackClock "0:00:10"]

1. d4 Nf6 2. c4 d6 3. Nf3 g6 4. g3 Bg7 5. Bg2 O-O 6. O-O Nbd7 7. Nc3 a6 8. e4 e5 9. h3 b5 10. cxb5 axb5 11. dxe5 dxe5 12. b4 c6 13. Be3 Re8 14. Qd2 Bf8 15. a3 Qc7 16. Rfc1 Qb8 17. Bg5 Kg7 18. Bh6+ Kg8 19. Bg5 Be7 20. Bf1 Nb6 21. Qc2 Be6 22. Nd2 Rd8 23. Be3 Nfd7 24. Bg2 Nc4 25. Nxc4 Bxc4 26. Bf1 Be6 27. Kh2 Nb6 28. Rd1 Nc4 29. Rxd8+ Qxd8 30. Bxc4 Bxc4 31. Rd1 Qc8 32. Qb2 Qe6 33. Nb1 f5 34. exf5 gxf5 35. Nd2 Bd5 36. f4 Bf6 37. fxe5 Bxe5 38. Bd4 Bc7 39. Nf1 Re8 40. Qf2 Qe2 41. Rd2 Qxf2+ 42. Rxf2 Be4 43. Ne3 Rd8 44. Bc5 Rd3 45. h4 Rxa3 46. Bd4 Rd3 47. Bc5 h5 48. Kh3 Kh7 49. Kh2 Kg6 50. Kh3 Be5 51. Kh2 Bd4 52. Bxd4 Rxd4 53. Rb2 Rd3 54. Nf1 Kf6 55. Kg1 Ke5 56. Kf2 Kd4 57. Rc2 Rc3 58. Rd2+ Kc4 59. Rd6 Kxb4 60. Rh6 c5 61. Rxh5 c4 62. Rh6 Rc2+ 63. Ke3 c3 64. g4 Rg2 65. gxf5 Bxf5 66. Rc6 c2 67. Nd2 Rg1 68. Kf4 c1=Q 69. Rxc1 Rxc1 70. Kxf5 Rc2 71. Ne4 Rc4 72. h5 Rc2 73. h6 Rh2 74. Kg6 Kc4 75. Nf6 Rxh6+ 76. Kxh6 b4 77. Ne4 Kd4 78. Nd2 Kc3 79. Ne4+ Kd3 80. Nc5+ Kc4 81. Ne4 Kb3 82. Kg5 Kb2 83. Kf4 Kc2 84. Nc5 Kc3 85. Ke5 Kc4 86. Kd6 Kb5 87. Kd5 b3 88. Nxb3 1/2-1/2


[Site "https://www.chess.com"]

[Event "Titled Tuesday Blitz April 25 Early 2023"]
[White "Gatterer, Florian"]
[Black "Cherniaiev, Tykhon"]
[WhiteFideId "811688"]
[BlackFideId "14182360"]
[WhiteElo "2221"]
[BlackElo "2450"]
[Result "1/2-1/2"]
[Round "01"]
[TimeControl "180+2"]
[Date "2023.04.25"]
[WhiteClock "0:00:19"]
[BlackClock "0:00:08"]

1. c4 e5 2. Nc3 Nf6 3. Nf3 Nc6 4. a3 d5 5. cxd5 Nxd5 6. Qc2 Be7 7. e3 Be6 8. Bb5 f6 9. d4 O-O 10. dxe5 Nxe5 11. Nxe5 fxe5 12. Bd3 h6 13. Nxd5 Qxd5 14. Be4 Qa5+ 15. Bd2 Qb6 16. O-O Rad8 17. Bc3 Bd6 18. Rad1 Kh8 19. h3 Qb5 20. Bd3 Qd7 21. Be4 Qf7 22. Qe2 Bc4 23. Bd3 Bb3 24. Bc2 Bc4 25. Bd3 Bd5 26. Bg6 Qxg6 27. Rxd5 e4 28. Rfd1 Rf3 29. Kf1 Rf7 30. Qg4 Qh7 31. Bb4 Rdf8 32. Bxd6 Rxf2+ 33. Kg1 cxd6 34. Rxd6 Qf5 35. Qxf5 R8xf5 36. R1d2 Rf1+ 37. Kh2 R5f2 38. Rd8+ Kh7 39. R8d4 Rxd2 40. Rxd2 Re1 41. Rd7 b5 42. Rxa7 Rxe3 43. b4 Rb3 44. Ra5 e3 45. Rxb5 Rxa3 46. Re5 Rb3 47. h4 Rxb4 48. Rxe3 Rxh4+ 49. Kg3 Rh5 50. Re7 Rg5+ 51. Kh2 Kg6 52. Rc7 Rf5 53. Rc6+ Rf6 54. Rc7 h5 55. g3 Kh6 56. Rd7 Ra6 57. Rc7 g6 58. Rd7 Ra5 59. Rd6 Kg5 60. Rc6 Re5 61. Kh3 Re1 62. Rc5+ Kf6 63. Rc6+ Re6 64. Rc5 Rd6 65. Rb5 Rc6 66. Ra5 Kg7 67. Rb5 Kh6 68. Ra5 g5 69. Rd5 Kg6 70. Ra5 Rc2 71. Ra6+ Kg7 72. Ra7+ Kf6 73. Ra6+ Kf7 74. Ra7+ Ke6 75. Ra6+ Ke7 76. Ra7+ Kd6 77. Ra6+ Rc6 78. Ra5 Rc5 79. Ra6+ Kd5 80. Rh6 h4 81. gxh4 gxh4 82. Kxh4 Rc1 83. Rg6 Ke5 84. Ra6 Kf4 85. Ra4+ Kf3 86. Ra3+ Ke4 87. Ra4+ Kf5 88. Ra5+ Ke4 89. Ra4+ Ke5 90. Ra5+ Kd6 91. Ra6+ Kc5 92. Ra5+ Kb4 93. Re5 Rc4+ 94. Kg5 Rc5 95. Rxc5 Kxc5 1/2-1/2


[Site "https://www.chess.com"]

[Event "Titled Tuesday Blitz April 25 Early 2023"]
[White "Deepan Chakkravarthy J."]
[Black "Koutsin, Sergey"]
[WhiteFideId "5011132"]
[BlackFideId "14101483"]
[WhiteElo "2367"]
[BlackElo "2381"]
[Result "1-0"]
[Round "01"]
[TimeControl "180+2"]
[Date "2023.04.25"]
[WhiteClock "0:01:58"]
[BlackClock "0:00:02"]

1. Nf3 d5 2. g3 g6 3. Bg2 Bg7 4. O-O Nf6 5. d3 d4 6. Nbd2 O-O 7. c4 dxc3 8. bxc3 c5 9. c4 Nc6 10. Rb1 Qc7 11. Bb2 b6 12. e3 Rd8 13. Qe2 Bf5 14. e4 Bg4 15. h3 Bc8 16. Qe3 e5 17. Rbd1 h6 18. Nb1 Nd4 19. Nc3 a6 20. Nd5 Nxd5 21. cxd5 Bd7 22. Rc1 Qd6 23. Nh2 Rac8 24. Kh1 b5 25. f4 Re8 26. Ng4 Bxg4 27. hxg4 exf4 28. gxf4 Nf5 29. gxf5 Bxb2 30. fxg6 Bxc1 31. gxf7+ Kxf7 32. Qxc1 Qg6 33. Qe3 Rg8 34. Rf2 Qh5+ 35. Qh3 1-0


[Site "https://www.chess.com"]

[Event "Titled Tuesday Blitz April 25 Early 2023"]
[White "Petrova, Irina"]
[Black "Liyanage, Ranindu Dilshan"]
[WhiteFideId "14124122"]
[BlackFideId "9915834"]
[WhiteElo "2084"]
[BlackElo "2199"]
[Result "0-1"]
[Round "01"]
[TimeControl "180+2"]
[Date "2023.04.25"]
[WhiteClock "0:00:31"]
[BlackClock "0:00:33"]

1. e4 g6 2. d4 Bg7 3. Nc3 d6 4. Be3 a6 5. Qd2 b5 6. h4 h6 7. f3 Bb7 8. Bd3 Nd7 9. Nh3 e6 10. Nf2 Ne7 11. h5 g5 12. f4 gxf4 13. Bxf4 Bxd4 14. O-O-O Ne5 15. Bxb5+ axb5 16. Qxd4 N7c6 17. Qe3 b4 18. Nb1 Rxa2 19. Bxe5 Nxe5 20. Qd4 Qg5+ 21. Qd2 Qxd2+ 22. Rxd2 Rg8 23. Nd3 Nxd3+ 24. cxd3 d5 25. Re1 dxe4 26. dxe4 Rg5 27. Rd4 Rc5+ 28. Kd2 Rxb2+ 29. Ke3 e5 30. Rd2 Rcc2 31. Rf1 Ke7 32. Rff2 Rb3+ 33. Ke2 Ba6+ 34. Ke1 Rxb1+ 0-1


[Site "https://www.chess.com"]

[Event "Titled Tuesday Blitz April 25 Early 2023"]
[White "Wagner, Dennis"]
[Black "Senft, Sean"]
[WhiteFideId "24650684"]
[BlackFideId "2044960"]
[WhiteElo "2470"]
[BlackElo "1989"]
[Result "1-0"]
[Round "01"]
[TimeControl "180+2"]
[Date "2023.04.25"]
[WhiteClock "0:00:26"]
[BlackClock "0:00:03"]

1. d4 d5 2. Nf3 c6 3. Bf4 Nf6 4. e3 Qb6 5. Qc1 Bf5 6. Bd3 Bg6 7. O-O e6 8. Ne5 Be7 9. Nxg6 hxg6 10. h3 c5 11. dxc5 Qxc5 12. c4 O-O 13. a3 dxc4 14. Qxc4 Nc6 15. Nc3 Qxc4 16. Bxc4 Rac8 17. Be2 Rfd8 18. Rfd1 e5 19. Bg5 Rxd1+ 20. Rxd1 Rd8 21. Rxd8+ Nxd8 22. Bc4 Kf8 23. e4 Bc5 24. Kf1 Bd4 25. Ke2 Bxc3 26. bxc3 Ke7 27. Kd3 Kd6 28. g4 a6 29. f3 b5 30. Bb3 Nb7 31. Bxf7 Nc5+ 32. Kc2 Nfd7 33. Bxg6 Nb6 34. Bf7 a5 35. Be3 Nca4 36. h4 Nc4 37. Bxc4 bxc4 38. h5 Ke6 39. g5 Kf7 40. Bf2 Ke6 41. Bg1 Kf7 42. Ba7 Ke6 43. h6 gxh6 44. gxh6 Kf6 45. Bb8 1-0


[Site "https://www.chess.com"]

[Event "Titled Tuesday Blitz April 25 Early 2023"]
[White "Roberz12"]
[Black "Szpar, Milosz"]
[BlackFideId "1184989"]
[WhiteElo "2402"]
[BlackElo "2436"]
[Result "0-1"]
[Round "01"]
[TimeControl "180+2"]
[Date "2023.04.25"]
[WhiteClock "0:00:31"]
[BlackClock "0:00:08"]

1. Nf3 d5 2. c4 d4 3. e3 Nc6 4. b4 dxe3 5. fxe3 Nxb4 6. d4 e5 7. Nxe5 Qh4+ 8. Kd2 Nf6 9. Bd3 Nxd3 10. Nxd3 Ne4+ 11. Kc2 Bf5 12. Rf1 Bg6 13. Kb2 O-O-O 14. Nf4 Qxh2 15. Nd2 Nf6 16. Nf3 Qg3 17. Bd2 Bd6 18. Be1 Qg4 19. Nd2 Qxd1 20. Rxd1 Rhe8 21. Bf2 Ng4 22. Rde1 Bb4 23. Kc1 Ba3+ 24. Kd1 f5 25. Bg1 Bf7 26. Nd3 g6 27. Kc2 Bf8 28. e4 Bh6 29. exf5 Rxe1 30. Rxe1 gxf5 31. Re7 Bxd2 32. Rxf7 Be3 33. Bxe3 Nxe3+ 34. Kc3 Nd1+ 35. Kd2 Rxd4 36. Rf8+ Kd7 37. Rxf5 Nb2 38. Kc3 Rxd3+ 39. Kxb2 Rd2+ 40. Kb3 Kc6 41. Rg5 Rd6 42. a4 Rg6 43. Rh5 Rg3+ 44. Kb4 b6 45. a5 Rxg2 46. axb6 cxb6 47. Rxh7 a5+ 48. Kc3 Rg3+ 49. Kd4 Rg4+ 50. Kc3 Rg5 51. Rh8 Rg7 52. Rh6+ Kb7 53. Rh5 Rc7 54. Kb3 Rc5 55. Rh6 Rc6 56. Rh7+ Ka6 57. Rh5 Rg6 58. Rd5 Rg3+ 59. Ka4 Rc3 60. Rd4 Kb7 61. Rh4 Kc6 62. Rh6+ Kc5 63. Rh5+ Kxc4 64. Rh4+ Kd3 65. Kb5 Rb3+ 66. Ka4 Rb1 67. Rh3+ Kd4 68. Rh4+ Kd5 69. Rh6 Kc5 70. Rh5+ Kc6 71. Rh6+ Kb7 72. Rh5 Ka6 73. Rh6 Rb4+ 74. Ka3 Rg4 75. Rh5 a4 76. Rh8 Ka5 77. Rh3 b5 78. Rf3 b4+ 79. Ka2 Rg2+ 80. Kb1 a3 81. Ka1 Ka4 82. Rf1 Kb3 83. Rb1+ Kc3 84. Rc1+ Kd3 85. Rb1 Rg4 86. Rd1+ Kc2 87. Rf1 b3 88. Rf2+ Kc3 89. Rf3+ Kb4 90. Rf1 Rd4 91. Rh1 a2 92. Kb2 Rd2+ 93. Ka1 Ka3 94. Rh2 Rd1# 0-1


[Site "https://www.chess.com"]